 Dungeon Crawl Stone Soup version 0.23.2-1-ga50397a6bc (webtiles) character file.

Game seed: 10932715951545640428

693 Marnok the Poker (level 7, -6/57 HPs)
             Began as a Demigod Fighter on Apr 13, 2019.
             Mangled by an ogre
             ... wielding a +0 giant spiked club
              (23 damage)
             ... on level 5 of the Dungeon.
             The game lasted 00:10:35 (4212 turns).

Marnok the Poker (Demigod Fighter)                  Turns: 4212, Time: 00:10:35

Health: -6/57      AC: 10    Str: 21      XL:     7   Next: 14%
Magic:  9/9        EV:  8    Int: 11 (12) God:
Gold:   167        SH: 10    Dex: 16 (17) Spells: 6/6 levels left

rFire    . . .     SeeInvis .   a - +2 trident
rCold    . . .     Gourm    .   c - +0 shield
rNeg     . . .     Faith    .   q - +1 scale mail {MR+}
rPois    .         Spirit   .   (no helmet)
rElec    .         Reflect  .   (no cloak)
rCorr    .         Harm     .   j - +0 pair of gloves
MR       +....                  u - +0 pair of boots
Stlth    +.........             g - amulet of regeneration
HPRegen  0.59/turn              (no ring)
MPRegen  0.11/turn              (no ring)

@: no status effects
A: high mp 1
a: no special abilities


You were on level 5 of the Dungeon.
You were not hungry.

You visited 1 branch of the dungeon, and saw 5 of its levels.

You collected 167 gold pieces.

Inventory:

Hand Weapons
 a - a +2 trident (weapon)
Armour
 c - a +0 shield (worn)
 j - a +0 pair of gloves (worn)
 q - a +1 scale mail of magic resistance (worn)
 u - a +0 pair of boots (worn)
Jewellery
 g - an amulet of regeneration (around neck)
Wands
 m - a wand of iceblast (7)
 o - a wand of polymorph (5)
Scrolls
 b - a scroll of fog {unknown}
 d - a scroll of magic mapping {unknown}
 h - 4 scrolls of teleportation
 k - 2 scrolls of remove curse
 n - a scroll of blinking {unknown}
Potions
 e - 2 potions of curing
 p - a potion of ambrosia
 r - a potion of haste
Comestibles
 f - 11 rations
 l - 5 chunks of flesh


   Skills:
 + Level 3.4 Fighting
 + Level 4.8 Polearms
 + Level 4.6 Armour
 + Level 1.5 Dodging
 + Level 1.3 Stealth
 + Level 3.7 Shields
 + Level 1.0 Unarmed Combat


You had 6 spell levels left.
You didn't know any spells.
Your spell library was empty.

Dungeon Overview and Level Annotations

Branches:
Dungeon (5/15)
 Temple: D:4-7


Innate Abilities, Weirdness & Mutations

You have an increased reservoir of magic. (+10% MP)


Message History

The ogre hits you with a +0 giant spiked club!
You puncture the ogre!
The ogre is severely wounded.
You block the ogre's attack.
You feel better.
The ogre hits you with a +0 giant spiked club!
You hit the ogre.
The ogre is severely wounded.
You block the ogre's attack.
You barely miss the ogre.
The ogre is severely wounded.
You barely miss the ogre.
The ogre is severely wounded.
You block the ogre's attack.
You closely miss the ogre.
The ogre is severely wounded.
The ogre hits you with a +0 giant spiked club!
* * * LOW HITPOINT WARNING * * *
The ogre hits you with a +0 giant spiked club!!
You die...

#............# .
#...####.....###.#
##.#####.........#
#.# #...........#
###.###........##.#
.........##.##.# .#
###.###.###....# .#
#.# #.#
###..##.####.# #..#
#.# #.# #...@......#
#..# #.# #.#
#..O....#### #..#
###.# #.#
#.....#.#.# ##..#
....# #.#
#.#.#?#.#.# ##...##
..### .........#.#
#####.....# #.#
###.#.#.###.#
#...#...... #.#
.......# #.#
#.........# #.# ##
#.### #.#
#...##...## #.# #
#.#####.####.......#


You could see an ogre.

Vanquished Creatures
  Duvessa (D:5)
  A bullfrog (D:5)
  A scorpion (D:5)
  Dowan (D:5)
  A crimson imp (D:4)
  A bullfrog zombie (D:5)
  A hound (D:5)
  3 orc wizards
  An iguana (D:4)
  4 worker ants
  4 adders
  An adder skeleton (D:4)
  2 worms (D:4)
  A dart slug (D:4)
  2 leopard geckos
  12 orcs
  A ball python (D:4)
  4 bats
  3 giant cockroaches
  4 goblins
  8 hobgoblins
  4 jackals (D:4)
  A quokka (D:2)
  2 frilled lizards
  A jackal zombie (D:5)
  4 kobolds
  6 rats
75 creatures vanquished.

Notes
Turn   | Place    | Note
-------+----------+-------------------------------------------
     0 | D:1      | Marnok the Demigod Fighter began the quest for the Orb.
     0 | D:1      | Reached XP level 1. HP: 18/18 MP: 3/3
   279 | D:1      | Reached XP level 2. HP: 21/25 MP: 4/4
  1213 | D:2      | Reached XP level 3. HP: 24/30 MP: 5/5
  1431 | D:2      | Found an opulent altar of Gozag.
  1929 | D:3      | HP: 1/30 [orc/+0 trident (7)]
  1936 | D:3      | Reached XP level 4. HP: 23/38 MP: 6/6
  2607 | D:3      | Found a stormy altar of Qazlal.
  2822 | D:4      | Reached XP level 5. HP: 38/45 MP: 7/7
  3258 | D:4      | Found a hazy altar of Hepliaklqana.
  3498 | D:4      | Found a shadowy altar of Dithmenos.
  3668 | D:5      | Entered Level 5 of the Dungeon
  3676 | D:5      | Reached skill level 1 in Dodging
  3706 | D:5      | Reached XP level 6. HP: 48/51 MP: 8/8
  3861 | D:5      | Noticed Duvessa
  3863 | D:5      | Noticed Dowan
  3888 | D:5      | Killed Dowan
  3914 | D:5      | Killed Duvessa
  4032 | D:5      | Reached skill level 1 in Stealth
  4113 | D:5      | Reached XP level 7. HP: 57/57 MP: 9/9
  4189 | D:5      | Reached skill level 1 in Unarmed Combat
  4212 | D:5      | Mangled by an ogre

Skill      XL: |  1  2  3  4  5  6  7 |
---------------+----------------------+-----
Polearms       | 2 3 4 |  4.8
Armour         | 3 4 |  4.6
Fighting       | 3 |  3.4
Shields        | 3 |  3.7
Dodging        | 1 |  1.5
Stealth        | 1 |  1.3
Unarmed Combat | 1 |  1.0

Action                   |  1- 3 |  4- 6 |  7- 9 || total
-------------------------+-------+-------+-------++-------
Melee: Trident           |   105 |   199 |    18 ||   322
       Unarmed           |       |    16 |       ||    16
  Use: Potion            |     2 |     7 |     1 ||    10
       Scroll            |       |    10 |       ||    10
 Stab: Confused          |       |     4 |       ||     4
  Eat: Chunk             |     2 |     9 |       ||    11
Armor: Scale mail        |    17 |    16 |     1 ||    34
       Ring mail         |    18 |    54 |       ||    72
       Skin              |       |     3 |       ||     3
Dodge: Dodged            |    36 |    69 |     2 ||   107
Block: Shield            |    52 |    95 |    10 ||   157
